 Dungeon Crawl Stone Soup version 0.27-a0-920-gb2bd10914a (webtiles) character file.

Game seed: 16968030906019581720

163 mightbedylan the Firebug (level 5, 0/40 HPs)
             Began as a Draconian Fire Elementalist on Apr 10, 2021.
             Was a Believer of Qazlal.
             Slain by an iguana (9 damage)
             ... on level 4 of the Dungeon.
             The game lasted 00:25:04 (3373 turns).

mightbedylan the Firebug (DrFE)                     Turns: 3373, Time: 00:25:04

Health: 0/40       AC:  5    Str: 10    XL:     5   Next: 20%
Magic:  8/9        EV: 12    Int: 16    God:    Qazlal [**....]
Gold:   102        SH:  3    Dex: 12    Spells: 8/9 levels left

rFire    . . .     SeeInvis .   d - +0 falchion
rCold    . . .     Faith    .   (no shield)
rNeg     . . .     Spirit   .   (armour unavailable)
rPois    .         Reflect  .   (helmet restricted)
rElec    .         Harm     .   (no cloak)
rCorr    .         Rampage  .   (no gloves)
Will     .....                  (no boots)
Stlth    +.........             (no amulet)
HPRegen  0.13/turn              (no ring)
MPRegen  0.11/turn              (no ring)

@: no status effects
A: AC +5, unfitting armour, cold-blooded
a: Renounce Religion, Upheaval


You were on level 4 of the Dungeon.
You worshipped Qazlal.
Qazlal was pleased with you.
You visited 1 branch of the dungeon, and saw 4 of its levels.

You collected 102 gold pieces.

Inventory:

Hand Weapons
 d - a +0 falchion (weapon)
Missiles
 a - 2 boomerangs
 c - 17 stones
 e - 25 poisoned darts
Jewellery
 f - a ring of protection from cold
Scrolls
 g - a scroll of identify {unknown}
Potions
 b - a potion of curing


   Skills:
 + Level 1.4 Fighting
 + Level 2.3 Long Blades
 + Level 2.2 Dodging
 + Level 2.0 Stealth
 + Level 0.1 Shields
 + Level 2.8 Spellcasting
 + Level 1.8 Conjurations
 + Level 3.6 Fire Magic


You had 8 spell levels left.
You knew the following spells:

 Your Spells              Type           Power      Damage    Failure   Level
a - Foxfire               Conj/Fire      44%        2x1d6     6%          1

Your spell library contained the following spells:

 Spells                   Type           Power      Damage    Failure   Level
 Conjure Flame            Conj/Fire      11%        6-21      19%         3
 Inner Flame              Hex/Fire       8%         N/A       26%         3
 Poisonous Vapours        Pois/Air       4%         N/A       28%         2
 Mephitic Cloud           Conj/Pois/Air  4%         N/A       41%         3
 Sticky Flame             Conj/Fire      11%        2d3       52%         4
 Fireball                 Conj/Fire      5%         3d5       86%         5
 Freezing Cloud           Conj/Ice/Air   2%         6-21      100%        6


Dungeon Overview and Level Annotations

Branches:
Dungeon (4/15)
 Temple: D:4-7

Altars:
Qazlal

Shops:
D:1 =   D:2 *


Innate Abilities, Weirdness & Mutations

Your plain brown scales are hard. (AC +5)
You cannot fit into any form of body armour.
You are cold-blooded and may be slowed by cold attacks.


Message History

Things that are here:
a +0 whip; an orc skeleton; an adder skeleton
There is a large open door here.
There is a large open door here.
Things that are here:
a +0 whip; an orc skeleton; an adder skeleton
There is a stone staircase leading down here.
You can't go up here!
You climb downwards.
An iguana comes into view.
Found a scroll labelled GISUNO KOENOQ.
There is a stone staircase leading up here.
You conjure some foxfire!
Your foxfire is engulfed in freezing vapours.
The foxfire hits the iguana.
The iguana is lightly wounded.
The foxfire hits the iguana but does no damage.
The iguana is lightly wounded.
You hit the iguana.
The iguana is moderately wounded.
The iguana bites you!
You hit the iguana but do no damage.
The iguana is moderately wounded.
The iguana bites you!
You hit the iguana.
You tail-slap the iguana, but do no damage.
The iguana is heavily wounded.
The iguana bites you!
* * * LOW HITPOINT WARNING * * *
You are too injured to fight recklessly!
Casting: Foxfire (safe; 6% risk of failure)
Confirm with . or Enter, or press ? or * to list all spells.
You conjure some foxfire!
The iguana bites you.
* * * LOW HITPOINT WARNING * * *
The foxfire hits the iguana but does no damage.
The iguana is heavily wounded.
The foxfire hits the iguana.
The iguana is heavily wounded.
The iguana bites you!
You die...

.. # ..# #. #.#
#.##.# ....####
####.....##
#.........#####
#......<......#
#.....@.......#
#....l§.......#
................#
##..?...........#
#..........#.###
##.........#.#
...........# #
###########.


You could see an iguana.

Vanquished Creatures
  Natasha (D:2)
  A howler monkey skeleton (D:3)
  7 adders
  A worm (D:2)
  5 dart slugs
  3 orcs (D:3)
  4 ball pythons
  7 endoplasms
  2 hobgoblins
  2 jackals (D:1)
  2 quokkas
  4 bats
  4 frilled lizards
  6 goblins
  A kobold (D:3)
  3 rats
53 creatures vanquished.

Vanquished Creatures (others)
  90 foxfires
90 creatures vanquished.

Grand Total: 143 creatures vanquished

Notes
Turn   | Place    | Note
-------+----------+-------------------------------------------
     0 | D:1      | mightbedylan the Draconian Fire Elementalist began the
                  | quest for the Orb.
     0 | D:1      | Reached XP level 1. HP: 14/14 MP: 3/3
    58 | D:1      | Found Plog's Jewellery Emporium.
   115 | D:1      | Found a faded altar of an unknown god.
   124 | D:1      | Became a worshipper of Qazlal Stormbringer
   124 | D:1      | Reached * piety under Qazlal
   419 | D:1      | Reached XP level 2. HP: 20/22 MP: 5/5
  1357 | D:2      | Found Myul Naull's General Store.
  1600 | D:2      | Reached XP level 3. HP: 27/27 MP: 4/6
  1628 | D:2      | Reached ** piety under Qazlal
  1749 | D:2      | Noticed Natasha
  1760 | D:2      | Killed Natasha
  1761 | D:2      | Reached skill level 1 in Fighting
  1761 | D:2      | Reached skill level 1 in Long Blades
  1775 | D:2      | Reached XP level 4. HP: 26/35 MP: 3/7
  2833 | D:3      | Reached XP level 5. HP: 40/40 MP: 7/9
  3373 | D:4      | Slain by an iguana

Illustrated notes

Levels and vault maps discovered:
D:1:      sevenhm_arrival_forest_fort_large_4, layout_loops_corners,
          serial_shops, nicolae_shop_stone,
          shapermc_ecumenical_altar_totnotflames, minmay_crystal_room,
          minmay_misc_feat_encased, minivault_25
D:2:      layout_basic, serial_shops, shop, skrybe_limestone_x, uniq_natasha
D:3:      kennysheep_big_flooded_room, layout_basic
D:4:      layout_basic, minmay_temple_entry_stoned_glass, serial_shops, shop,
          minmay_gold_behind_fungi

Skill      XL: |  1  2  3  4 |
---------------+-------------+-----
Dodging        | 2 |  2.2
Fighting       | 1 |  1.4
Long Blades    | 1 2 |  2.3
Stealth        | 2 |  2.0
Shields        | |  0.1
Spellcasting   | |  2.8
Conjurations   | |  1.8
Fire Magic     | |  3.6

Action                   |  1- 3 |  4- 6 || total
-------------------------+-------+-------++-------
Melee: Falchion          |    48 |    47 ||    95
       Unarmed           |     3 |       ||     3
       Tailslap          |     8 |     5 ||    13
 Cast: Foxfire           |    31 |    31 ||    62
  Use: Potion            |     3 |     3 ||     6
       Scroll            |       |     1 ||     1
Armor: Skin              |    21 |    16 ||    37
Dodge: Dodged            |    32 |    34 ||    66
Block: Other             |     3 |     2 ||     5
       Rpst.: Falchion   |     5 |     8 ||    13

Table legend: (Time is in decaauts)
 A = Elapsed time spent in this place.
 B = Non-inter-level travel time spent in this place.
 C = Inter-level travel time spent in this place.
 D = Time resting spent in this place.
 E = Time spent auto-exploring this place.
 F = Levels seen in this place.
 G = Mean time per level.
                   A        B        C        D        E       F      G
               +--------+--------+--------+--------+--------+-----+--------+
         Total |   3395 |   3206 |    189 |      0 |   2326 |   4 |  848.8 |
       Dungeon |   3395 |   3206 |    189 |      0 |   2326 |   4 |  848.8 |
               +--------+--------+--------+--------+--------+-----+--------+

Top non-repeatable levels by time:
     D:1: 1356 daAuts
     D:3: 1139 daAuts
     D:2: 890 daAuts
     D:4: 9 daAuts
